AoeStats
← ZeroFuqsGiven

Black Forest

508538517Analyzed
4v4 RM · 9d ago on Sep 22, 2026· 57m 20s· 8 players
Game mode
Random Map
Map size
Large (8 player)
Population
200
Speed
Normal
Resources
Standard
Victory
Conquest
Starting age
Dark Age
Ending age
Imperial Age
RankedLock teamsTeams togetherTeam positionsShared explorationLock speedFull tech treeHidden civsTurbo modeCheats
Victory
Defeat
🇺🇸 Danes · United States
757
+17
🇮🇪 Franks · Ireland
698
+19
🇫🇷 Varangians · France
685
+20
🇵🇪 Teutons · Peru
675
+20
🇹🇷 Aztecs · Türkiye
839
-21
🇨🇴 Bohemians · Colombia
808
-20
🇦🇷 Vikings · Argentina
733
-18
🇧🇷 Poles · Brazil
711
-36
DarkMatrix
0:54 Loom
12:08 Feudal Age
13:43 Double-Bit Axe
15:06 Wheelbarrow
16:07 Horse Collar
19:31 Castle Age
21:53 Bow Saw
22:08 Fishing Lines
23:04 Gillnets
23:15 Gold Mining
25:20 Stone Mining
25:22 Town Watch
27:24 Heavy Plow
28:01 Stone Shaft Mining
29:53 Forging
29:48 Scale Barding Armor
31:49 Treadmill Crane
34:55 Imperial Age
32:32 Fletching
33:18 Iron Casting
33:03 Chain Barding Armor
32:45 Padded Archer Armor
35:33 Husbandry
35:45 Bloodlines
35:53 Cranequins
35:56 Heavy Mounted Crossbowman
36:54 Leather Archer Armor
36:34 Bodkin Arrow
38:18 Two-Man Saw
37:50 Crop Rotation
38:00 Ballistics
38:40 Chemistry
40:06 Hand Cart
39:37 Cavalier
41:06 Bracer
41:37 Ring Archer Armor
42:36 Conscription
42:10 Vendel Legacy
42:32 Light Cavalry
43:47 Elite Jarl
46:44 Blast Furnace
46:56 Plate Barding Armor
53:45 Arson
54:19 Masonry
54:15 Scale Mail Armor
56:33 Elite Varangian Guard
57:14 Squires
57:35 Chain Mail Armor
57:23 Town Patrol
56:54 Hussar
57:02 Gothikon
Llathandir
1:21 Loom
12:59 Feudal Age
14:18 Double-Bit Axe
16:55 Wheelbarrow
16:55 Gold Mining
16:56 Stone Mining
23:27 Castle Age
22:46 Forging
22:29 Fletching
22:46 Scale Barding Armor
25:43 Iron Casting
29:46 Hand Cart
30:43 Husbandry
31:06 Chain Barding Armor
34:38 Imperial Age
34:55 Cavalier
35:55 Caravan
37:25 Blast Furnace
40:22 Paladin
44:44 Plate Barding Armor
44:05 Bodkin Arrow
46:26 Hoardings
47:52 Murder Holes
48:08 Masonry
47:45 Arrowslits
49:01 Chemistry
48:21 Ballistics
55:07 Architecture
55:02 Chivalry
ZeroFuqsGiven
2:01 Loom
12:54 Feudal Age
17:14 Castle Age
15:18 Double-Bit Axe
15:35 Horse Collar
25:56 Gold Mining
27:28 Wheelbarrow
28:43 Bow Saw
30:55 Gold Shaft Mining
35:12 Imperial Age
35:45 Onager
35:47 Capped Ram
37:19 Siege Engineers
36:58 Man-at-Arms
37:33 Pikeman
39:36 Forging
39:27 Scale Mail Armor
39:18 Fletching
39:29 Padded Archer Armor
39:39 Elite Skirmisher
40:24 Thumb Ring
41:25 Chemistry
41:02 Ballistics
41:26 Hamask
41:33 Long Swordsman
42:51 Two-Handed Swordsman
43:50 Heavy Plow
44:13 Hand Cart
45:11 Iron Casting
44:52 Chain Mail Armor
44:33 Bodkin Arrow
45:05 Halberdier
45:54 Champion
47:34 Leather Archer Armor
47:33 Northmen's Fury
49:46 Squires
49:31 Gambesons
52:03 Conscription
52:18 Siege Onager
52:46 Siege Ram
DANIELOBO
0:44 Loom
15:05 Feudal Age
15:37 Man-at-Arms
17:10 Horse Collar
22:07 Castle Age
21:38 Double-Bit Axe
23:44 Heavy Plow
26:28 Gold Mining
35:43 Imperial Age
32:59 Town Watch
34:05 Wheelbarrow
34:54 Fortified Wall
34:58 Stone Mining
36:20 Hand Cart
37:07 Conscription
37:10 Capped Ram
38:18 Heavy Scorpion
40:13 Bow Saw
40:45 Stone Shaft Mining
43:42 Two-Man Saw
44:20 Heavy Scorpion
45:29 Siege Engineers
46:25 Chemistry
45:45 Ballistics
45:36 Masonry
45:35 Town Patrol
46:07 Crop Rotation
MeisolMLG
0:30 Loom
15:27 Feudal Age
24:44 Castle Age
25:31 Wheelbarrow
25:42 Double-Bit Axe
25:44 Horse Collar
26:19 Padded Archer Armor
26:10 Fletching
28:53 Forging
28:44 Scale Mail Armor
29:29 Bow Saw
30:14 Caravan
30:26 Pikeman
31:07 Squires
30:53 Arson
32:45 Fishing Lines
38:18 Imperial Age
36:05 Hand Cart
36:39 Iron Casting
36:00 Bodkin Arrow
38:28 Chemistry
37:40 Masonry
37:49 Leather Archer Armor
39:10 Chain Mail Armor
38:21 Halberdier
38:38 Houfnice
40:56 Two-Man Saw
43:33 Wagenburg Tactics
43:34 Hussite Reforms
44:51 Man-at-Arms
46:15 Ring Archer Armor
45:46 Bracer
46:06 Elite Hussite Wagon
51:54 Blast Furnace
51:24 Plate Mail Armor
Mert
0:38 Loom
15:31 Feudal Age
16:27 Double-Bit Axe
16:25 Horse Collar
25:25 Castle Age
26:29 Heavy Plow
26:43 Bow Saw
26:38 Gold Mining
26:39 Stone Mining
30:12 Wheelbarrow
29:23 Town Watch
31:38 Hand Cart
32:18 Town Patrol
33:57 Gold Shaft Mining
35:14 Stone Shaft Mining
35:13 Scale Mail Armor
35:24 Forging
35:48 Arson
36:04 Squires
35:49 Gambesons
36:32 Chain Mail Armor
36:06 Eagle Warrior
37:52 Iron Casting
37:39 Atlatl
37:41 Treadmill Crane
38:12 Fortified Wall
37:58 Murder Holes
38:24 Ballistics
40:06 Padded Archer Armor
39:57 Fletching
42:49 Imperial Age
41:14 Leather Archer Armor
43:05 Elite Eagle Warrior
44:53 Blast Furnace
44:46 Crop Rotation
44:16 Pikeman
46:14 Plate Mail Armor
45:40 Bodkin Arrow
47:15 Arrowslits
47:50 Elite Jaguar Warrior
48:54 Garland Wars
48:55 Conscription
48:06 Sappers
49:47 Coinage
50:51 Bracer
51:30 Caravan
52:05 Banking
56:22 Chemistry
55:28 Siege Engineers
naniga
21:27 Feudal Age
26:45 Horse Collar
27:59 Wheelbarrow
33:41 Castle Age
pauloc7791
2:43 Loom
15:33 Feudal Age
16:13 Double-Bit Axe
24:15 Castle Age
22:16 Horse Collar
23:39 Town Watch
27:44 Bow Saw
28:30 Gold Mining
28:08 Crossbowman
30:17 Stone Mining
31:06 Gold Shaft Mining
33:04 Imperial Age
31:01 Heavy Plow
30:49 Fishing Lines
32:54 Fletching
33:05 Padded Archer Armor
33:58 Bodkin Arrow
35:15 Leather Archer Armor
34:53 Arbalester
38:51 Bracer
39:22 Ring Archer Armor
41:26 Scale Mail Armor
41:37 Forging
41:42 Squires
41:29 Arson
43:12 Caravan
44:01 Crop Rotation
43:48 Chain Mail Armor
44:09 Iron Casting
45:29 Town Patrol
46:27 Elite Varangian Guard
47:42 Plate Mail Armor
48:13 Blast Furnace
47:09 Gillnets
51:21 Chieftains
51:23 Bogsveigar
53:02 Scale Barding Armor
Connection lost

Rejoining the realm…

Still unreachable

The connection could not be restored.

Session expired

The server has moved on; the page needs a fresh start.